 Dungeon Crawl Stone Soup version 0.31-a0-175-g9f7f995f2b (webtiles) character file.

Game seed: 12349910616593817358

45 Pooter the Trooper (level 3, -3/37 HPs)
             Began as a Minotaur Fighter on June 17, 2023.
             Slain by a cerulean imp
             ... wielding a +2 spear
             ... summoned by Natasha
              (8 damage)
             ... on level 2 of the Dungeon.
             The game lasted 00:06:27 (1237 turns).

Pooter the Trooper (Minotaur Fighter)               Turns: 1237, Time: 00:06:28

Health: -3/37      AC:  0    Str: 21    XL:     3   Next: 42%
Magic:  2/2        EV: 17    Int:  4    God:
Gold:   21         SH:  0    Dex: 18    Spells: 2/2 levels left

rFire   . . .        a - melded +0 war axe
rCold   . . .        c - melded +0 buckler
rNeg    . . .        b - melded +0 scale mail
rPois   .            (helmet currently unavailable)
rElec   .            (cloak currently unavailable)
rCorr   .            r - melded +2 pair of gloves
SInv    .            q - melded +0 pair of boots
Will    .....        (no amulet)
Stlth   ++           (ring currently unavailable)
HPRegen 0.26/turn    (ring currently unavailable)
MPRegen 0.08/turn

%: no passive effects
@: bat-form, flying, very quick
A: fast, flying, no casting, tiny, (horns 2), (retaliatory headbutt), (large
bone plates 1), agile 1, robust 1
a: no special abilities


You were on level 2 of the Dungeon.
You were a bat.
You visited 1 branch of the dungeon, and saw 2 of its levels.

You collected 84 gold pieces.
You spent 63 gold pieces at shops.

Inventory:

Hand Weapons
 a - a +0 war axe (melded)
Missiles
 f - 3 boomerangs (quivered)
 Q - 17 stones
Armour
 b - a +0 scale mail (melded)
 c - a +0 buckler (melded)
 q - a +0 pair of boots (melded)
   (You found it on level 2 of the Dungeon)
 r - a +2 pair of gloves (melded)
   (You found it on level 2 of the Dungeon)
Scrolls
 i - a scroll of fear {unknown}
 k - a scroll of poison {!r}
 n - a scroll of acquirement {unknown}
 p - 4 scrolls of amnesia {unknown}
 s - 2 scrolls of teleportation {unknown}
Potions
 d - a potion of might
 e - a potion of degeneration {unknown}
 g - 2 potions of mutation {!q}
 h - a potion of haste {@q3}
 l - a potion of lignification {unknown}
 m - a potion of berserk rage {unknown}
 o - a potion of heal wounds {unknown}


   Skills:
 + Level 4.3 Fighting
 * Level 4.1 Axes
 - Level 3.6 Armour
 - Level 3.6 Shields


You had 2 spell levels left.
You didn't know any spells.
Your spell library contained the following spells:

 Spells                   Type           Power      Damage    Failure   Level
 Magic Dart               Conj           0%         1d3       50%         1
 Call Imp                 Summ           0%         N/A       65%         2
 Mephitic Cloud           Conj/Pois/Air  0%         N/A       86%         3


Dungeon Overview and Level Annotations

Branches:
Dungeon (2/15)

Altars:

Shops:
D:1 *   D:2 :

Annotations:
D:2 Natasha


Innate Abilities, Weirdness & Mutations

You are a bat.
You are tiny and dextrous.
You move quickly.
You are flying.
Your equipment is almost entirely melded.
You are incapable of wielding weapons or throwing items.
You cannot cast spells.
((You have a pair of horns on your head.))
((You reflexively headbutt those who attack you in melee.))
((You are partially covered in large bone plates. (SH +4)))
You are agile. (Dex +4, Str/Int -1)
You are robust. (+10% HP)


Message History

Gang up on whom?
Press: ? - help, Dir - move target, f - Natasha
Aim: Natasha, carrying a wand of polymorph (13) (ally target) Attack!
Your rat barely misses Natasha.
You swap places.
Natasha closely misses your rat.
Your rat barely misses Natasha.
Natasha zaps a wand.
Your rat evaporates and reforms as an endoplasm!
Natasha mumbles some strange words.
Natasha completely misses your endoplasm.
Your endoplasm freezes Natasha.
Natasha is frozen.
Natasha claws your endoplasm!
Your endoplasm dies!
Your endoplasm dissolves into shadows!
Natasha zaps a wand.
Your rat evaporates and reforms as a bat!
Your bat hits Natasha.
Natasha zaps a wand.
You turn into a bat.
Your +0 war axe melds into your body.
Your +2 pair of gloves melds into your body.
Your +0 pair of boots melds into your body.
Your +0 buckler melds into your body.
Your +0 scale mail melds into your body.
You hit Natasha but do no damage.
Your bat closely misses Natasha.
The cerulean imp closely misses you. Natasha misses you.
You hit Natasha.
Your bat barely misses Natasha. x2
The cerulean imp closely misses you. Natasha claws you!
You closely miss Natasha. Your bat misses Natasha.
Your bat barely misses Natasha.
The cerulean imp hits you from afar with a +2 spear.
You hit Natasha. Your bat hits Natasha. Natasha completely misses you.
The cerulean imp hits you from afar with a +2 spear.
* * * LOW HITPOINT WARNING * * *
You barely miss Natasha.
Your bat hits Natasha but does no damage.
Natasha closely misses you.
The cerulean imp hits you from afar with a +2 spear.
* * * LOW HITPOINT WARNING * * *
You hit Natasha.
Your bat hits Natasha but does no damage.
Natasha closely misses you. The cerulean imp closely misses you.
Your bat barely misses Natasha.
Unknown command.
You hit Natasha but do no damage.
Your bat closely misses Natasha.
Natasha claws you!
* * * LOW HITPOINT WARNING * * *
The cerulean imp hits you from afar with a +2 spear!
You die...

#..........##...................#
#..........#####....####.######.#
....................'...)#.####.#
#..........#####....####.#.......
#..........#####.......#.#.####.#
+...................##.#......#.#
############.....b..# #)...#.#.#
############.....##.#..#....#.#.#
................bh5....#.#..#.#.#
###################.#..#.#..#.#.#
.. ... #.#.##.#.# .. ...
#.#....#.# .. #.######.#
###........# #.....####.#
#.....###### #...........


You could see Natasha (ally target), a cerulean imp (summoned) and a friendly
bat (summoned).

Vanquished Creatures
  Natasha (D:2)
  2 ball pythons
  2 endoplasms (D:1)
  4 giant cockroaches
  A goblin (D:1)
  A hobgoblin (D:1)
  3 kobolds
  A quokka (D:1)
  A bat (D:1)
  2 frilled lizards (D:1)
  A rat (D:1)
19 creatures vanquished.

Notes
Turn   | Place    | Note
-------+----------+-------------------------------------------
     0 | D:1      | Pooter the Minotaur Fighter began the quest for the Orb.
     0 | D:1      | Reached XP level 1. HP: 19/19 MP: 0/0
   365 | D:1      | Reached XP level 2. HP: 25/27 MP: 1/1
   374 | D:1      | Found Ideig's Assorted Antiques.
   445 | D:1      | Bought a scroll labelled DYRATI ZITE for 21 gold pieces
   445 | D:1      | Bought a scroll labelled DYRATI ZITE for 21 gold pieces
   909 | D:2      | Found Reawiv's Book Shop.
  1070 | D:1      | Bought a scroll labelled OMURRA NOHUCY for 21 gold pieces
  1072 | D:2      | Noticed Natasha
  1080 | D:2      | Killed Natasha
  1081 | D:2      | Reached XP level 3. HP: 29/33 MP: 2/2
  1201 | D:2      | Gained mutation: You are partially covered in large bone
                  | plates. (SH +4) [potion of mutation]
  1201 | D:2      | Gained mutation: You are robust. (+10% HP) [potion of
                  | mutation]
  1201 | D:2      | Gained mutation: You are agile. (Dex +4, Str/Int -1)
                  | [potion of mutation]
  1220 | D:2      | Noticed Natasha
  1237 | D:2      | Slain by a cerulean imp

Illustrated notes

Levels and vault maps discovered:
D:1:      nagdon_arrival_double_spiral, layout_basic, serial_shops,
          nicolae_shop_statue_plus, wander_ebering_terrifying_dragon_lair
D:2:      layout_basic, serial_shops, nicolae_shop_window_shopping,
          kennysheep_nondescript, uniq_natasha

Skill      XL: |  1  2 |
---------------+-------+-----
Axes           | 3 4 |  4.1
Fighting       | 4 |  4.3
Armour         | |  3.6
Shields        | |  3.6

Action                     || total
---------------------------++-------
  Melee: War axe           ||    46
         Headbutt          ||     6
         Unarmed           ||     7
    Use: Scroll            ||     4
         Potion            ||     1
 Armour: Scale mail        ||    24
  Dodge: Dodged            ||    36
  Block: Buckler           ||     8

Table legend: (Time is in decaauts)
 A = Elapsed time spent in this place.
 B = Non-inter-level travel time spent in this place.
 C = Inter-level travel time spent in this place.
 D = Time resting spent in this place.
 E = Time spent auto-exploring this place.
 F = Levels seen in this place.
 G = Mean time per level.
                   A        B        C        D        E       F      G
               +--------+--------+--------+--------+--------+-----+--------+
         Total |   1252 |   1153 |     99 |     16 |    923 |   2 |  626.0 |
       Dungeon |   1252 |   1153 |     99 |     16 |    923 |   2 |  626.0 |
               +--------+--------+--------+--------+--------+-----+--------+

Top non-repeatable levels by time:
     D:1: 859 daAuts
     D:2: 393 daAuts
